 Dungeon Crawl Stone Soup version 0.30-a0-451-ge042605de7 (webtiles) character file.

Game seed: 11763018409834275901

658 cforsyth the Chopper (level 7, 0/62 HPs)
             Began as a Minotaur Berserker on Dec 11, 2022.
             Was a Priest of Trog.
             Slain by a gnoll
             ... wielding a +0 halberd
             ... led by a gnoll bouda
              (3 damage)
             ... on level 5 of the Dungeon on Dec 12, 2022.
             The game lasted 00:08:18 (4334 turns).

cforsyth the Chopper (Minotaur Berserker)           Turns: 4334, Time: 00:08:19

Health: 0/62       AC:  8    Str: 24    XL:     7   Next: 29%
Magic:  6/6        EV: 11    Int:  4    God:    Trog [***...]
Gold:   256        SH:  2    Dex:  9    Spells: 6/6 levels left

rFire   . . .      SeeInvis .    a - +0 hand axe
rCold   . . .      Faith    .    t - +0 buckler
rNeg    . . .      Spirit   .    o - +0 scale mail
rPois   .          Reflect  .    (helmet restricted)
rElec   .          Harm     .    s - +0 cloak
rCorr   .          Rampage  .    (no gloves)
Will    .....                    (no boots)
Stlth   ..........               (no amulet)
HPRegen 0.30/turn                (no ring)
MPRegen 0.10/turn                (no ring)

@: silenced, marked, flying, hasted, very quick
A: horns 2, retaliatory headbutt
a: Renounce Religion


You were on level 5 of the Dungeon.
You worshipped Trog.
Trog was most pleased with you.
You visited 1 branch of the dungeon, and saw 5 of its levels.

You collected 256 gold pieces.

Inventory:

Hand Weapons
 a - a +0 hand axe (weapon)
Armour
 o - a +0 scale mail (worn)
 s - a +0 cloak (worn)
 t - a +0 buckler (worn)
Jewellery
 w - a +6 ring of dexterity
 y - a ring of see invisible
Wands
 m - a wand of flame (6)
 p - a wand of mindburst (7)
Scrolls
 b - a scroll of acquirement {unknown}
 e - a scroll of enchant weapon {unknown}
 f - a scroll of silence
 g - 2 scrolls of teleportation {unknown}
 h - 8 scrolls of identify {unknown}
 k - 2 scrolls of magic mapping {unknown}
 x - a scroll of noise {unknown}
Potions
 d - a potion of might {unknown}
 i - a potion of degeneration {unknown}
 j - 2 potions of haste
 l - 2 potions of ambrosia
 n - a potion of mutation {unknown}
 q - a potion of resistance {unknown}
 r - 2 potions of flight
 u - a potion of lignification {unknown}
 v - a potion of brilliance {unknown}


   Skills:
 + Level 5.9 Fighting
 + Level 5.9 Axes
 + Level 5.3 Armour
 + Level 4.9 Dodging


You had 6 spell levels left.
You didn't know any spells.
Your spell library was empty.

Dungeon Overview and Level Annotations

Branches:
Dungeon (5/15)             Temple (0/1) D:4

Altars:
Dithmenos
Elyvilon
Fedhas
Gozag
Qazlal
Sif Muna
Uskayaw
Zin

Annotations:
D:5 Pikel


Innate Abilities, Weirdness & Mutations

You have a pair of horns on your head.
You reflexively headbutt those who attack you in melee.


Message History

As you read the scroll labelled AWNOAD COFANO, it crumbles to dust.
A profound silence engulfs you.
It was a scroll of silence.
The scorpion barely misses you. You furiously retaliate!
You headbutt the scorpion.
The gnoll hits you from afar with a +0 halberd.
The gnoll hits you with a +0 flail!
* * * LOW HITPOINT WARNING * * *
Magic scrolls do not work when you're silenced!
There are no items here.
Okay, then.
It was a potion of haste.
You feel yourself speed up. The scorpion stings you.
* * * LOW HITPOINT WARNING * * *
You are poisoned.
The scorpion poisons you! The gnoll hits you with a +0 flail.
* * * LOW HITPOINT WARNING * * *
The gnoll hits you from afar with a +0 halberd!
* * * LOW HITPOINT WARNING * * *
A gnoll comes into view. It is wielding a +0 whip.
The gnoll bouda barks out a call to the hunt!
The gnolls pick up the pace!
You feel better. The scorpion closely misses you.
You feel better.
Your skin stops crawling.
You feel less strong-willed. The gnoll hits you with a +0 flail!
* * * LOW HITPOINT WARNING * * *
The gnoll hits you from afar with a +0 halberd!
* * * LOW HITPOINT WARNING * * *
The gnoll bouda barks out a call to the hunt!
The scorpion barely misses you. You furiously retaliate!
You headbutt the scorpion!
You kill the scorpion!
Trog accepts your kill.
Unknown command.
Unknown command.
You feel better.
A gnoll comes into view. It is wielding a +0 club.
The gnoll hits you with a +0 flail.
* * * LOW HITPOINT WARNING * * *
The gnoll hits you from afar with a +0 halberd.
You die...

###+##..######.#
###........# #.#
.........#.### #.#
##.......#.†.###.#
##......####.....#
##......# ####..###
##...:..# ##h5.#
##.#############g#.###.#
##. #....g)@JgrK55.
......#.####5.#
......#.# ... .g...
#...# ## g.g.. ###.#
.### .# . ##


You could see Pikel, 4 lemures, a gnoll bouda, a hound, a jelly, 5 gnolls and a
quokka.

Vanquished Creatures
  A phantom (D:5)
  Blork the orc (D:5)
  2 scorpions (D:5)
  2 orc priests (D:3)
  A hound (D:5)
  Ijyb (D:2)
  3 orc wizards (D:3)
  9 gnolls
  3 adders
  An ufetubus (D:5)
  4 dart slugs
  13 orcs
  6 bats
  5 endoplasms
  2 giant cockroaches
  8 goblins
  7 hobgoblins
  6 jackals
  4 kobolds
  3 quokkas
  5 ball pythons
  A rat (D:1)
88 creatures vanquished.

Vanquished Creatures (others)
  11 plants
11 creatures vanquished.

Grand Total: 99 creatures vanquished

Notes
Turn   | Place    | Note
-------+----------+-------------------------------------------
     0 | D:1      | cforsyth the Minotaur Berserker began the quest for the
                  | Orb.
     0 | D:1      | Reached XP level 1. HP: 19/19 MP: 0/0
   161 | D:1      | Found a faded altar of an unknown god.
   220 | D:1      | Reached XP level 2. HP: 26/27 MP: 1/1
   699 | D:2      | Reached XP level 3. HP: 24/33 MP: 2/2
  1103 | D:2      | Found a stormy altar of Qazlal.
  1218 | D:2      | Reached ** piety under Trog
  1347 | D:3      | Reached XP level 4. HP: 6/41 MP: 3/3
  1595 | D:3      | Found a white marble altar of Elyvilon.
  1630 | D:3      | Found a blossoming altar of Fedhas.
  1658 | D:3      | Noticed Ijyb
  1870 | D:2      | Killed Ijyb
  2041 | D:3      | Reached XP level 5. HP: 20/47 MP: 4/4
  2284 | D:3      | Found a shadowy altar of Dithmenos.
  2308 | D:3      | Reached skill level 5 in Fighting
  2308 | D:3      | Reached skill level 5 in Axes
  2582 | D:3      | Reached XP level 6. HP: 55/56 MP: 5/5
  3240 | D:4      | Found an opulent altar of Gozag.
  3549 | D:4      | Found a staircase to the Ecumenical Temple.
  3592 | D:4      | Found a hide-covered altar of Uskayaw.
  3592 | D:4      | Found a shimmering blue altar of Sif Muna.
  3592 | D:4      | Found a glowing silver altar of Zin.
  3646 | D:4      | Reached *** piety under Trog
  3662 | D:4      | Identified the +0 short sword of Ygalixou {venom, rElec
                  | Stlth+}
  4093 | D:5      | Entered Level 5 of the Dungeon
  4099 | D:5      | Noticed Blork the orc
  4108 | D:5      | Killed Blork the orc
  4237 | D:5      | Reached skill level 5 in Armour
  4268 | D:5      | Reached XP level 7. HP: 55/62 MP: 6/6
  4321 | D:5      | Noticed Pikel
  4333 | D:5      | HP: 2/62 [gnoll/+0 halberd[a gnoll bouda] (10)]
  4334 | D:5      | Slain by a gnoll

Illustrated notes

Levels and vault maps discovered:
D:1:      matt_arrival_diagonals, layout_loops_ring,
          hellmonk_ecumenical_altar_zigzags
D:2:      layout_rooms, basic_altar, kennysheep_flooded_box
D:3:      layout_basic, mainiacjoe_overflow_tiny_flanked,
          mainiacjoe_overflow_catwalk, lemuel_round_altar, serial_bayou_pond_c,
          grunt_decor_one_mirror, uniq_ijyb
D:4:      layout_loops_cross, nicolae_gozag_seed_capital, minitemple,
          minmay_temple_entry_glassed_door, chequers_big_river
D:5:      layout_basic, amcnicky_altar_gilded, serial_shops,
          kennysheep_mini_moat, uniq_blork_the_orc, uniq_menkaure, uniq_pikel

Skill      XL: |  1  2  3  4  5  6 |
---------------+-------------------+-----
Axes           | 4 5 |  5.9
Fighting       | 4 5 |  5.9
Armour         | 3 4 5 |  5.3
Dodging        | 3 4 |  4.9

Action                   |  1- 3 |  4- 6 |  7- 9 || total
-------------------------+-------+-------+-------++-------
Melee: Hand axe          |    66 |   143 |    13 ||   222
       Headbutt          |    11 |    22 |     4 ||    37
       Punch             |       |     1 |       ||     1
Invok: Berserk           |     1 |     1 |       ||     2
       Trog's Hand       |       |       |     1 ||     1
  Use: Potion            |       |       |     7 ||     7
       Scroll            |       |       |     1 ||     1
 Stab: Sleeping          |     1 |       |       ||     1
Armor: Animal skin       |    15 |     1 |       ||    16
       Scale mail        |       |    54 |    11 ||    65
Dodge: Dodged            |    39 |    68 |    17 ||   124
Block: Buckler           |       |     6 |     2 ||     8

Table legend: (Time is in decaauts)
 A = Elapsed time spent in this place.
 B = Non-inter-level travel time spent in this place.
 C = Inter-level travel time spent in this place.
 D = Time resting spent in this place.
 E = Time spent auto-exploring this place.
 F = Levels seen in this place.
 G = Mean time per level.
                   A        B        C        D        E       F      G
               +--------+--------+--------+--------+--------+-----+--------+
         Total |   4389 |   4241 |    148 |   1009 |   2575 |   5 |  877.8 |
       Dungeon |   4389 |   4241 |    148 |   1009 |   2575 |   5 |  877.8 |
               +--------+--------+--------+--------+--------+-----+--------+

Top non-repeatable levels by time:
     D:3: 1510 daAuts
     D:2: 930 daAuts
     D:4: 865 daAuts
     D:1: 827 daAuts
     D:5: 255 daAuts
